 Dungeon Crawl Stone Soup version 0.31-a0-690-g7ce4588941 (webtiles) character file.

Game seed: 13738170271679169234

30 MrShunz the Trooper (level 3, 0/33 HPs)
             Began as a Hill Orc Fighter on Sept 6, 2023.
             Succumbed to a kobold's poison
             ... on level 2 of the Dungeon.
             The game lasted 00:01:27 (957 turns).

MrShunz the Trooper (Hill Orc Fighter)               Turns: 957, Time: 00:01:28

Health: 0/33       AC:  6    Str: 20    XL:     3   Next: 20%
Magic:  3/3        EV:  9    Int:  8    God:
Gold:   54         SH:  0    Dex: 10    Spells: 2/2 levels left

rFire   . . .        a - +0 war axe
rCold   . . .        (no shield)
rNeg    . . .        b - +0 scale mail
rPois   .            (no helmet)
rElec   .            (no cloak)
rCorr   .            (no gloves)
SInv    .            (no boots)
Will    .....        (no amulet) Stlth
                     (no ring)
HPRegen 0.25/turn    (no ring)
MPRegen 0.08/turn

%: no passive effects
@: mighty, lethally poisoned (0 -> -4)
A: no striking features
a: no special abilities


You were on level 2 of the Dungeon.
You visited 1 branch of the dungeon, and saw 3 of its levels.

You collected 54 gold pieces.

Inventory:

Hand Weapons
 a - a +0 war axe (weapon)
Armour
 b - a +0 scale mail (worn)
 e - a +1 leather armour of cold resistance
Potions
 c - a potion of brilliance {unknown}


   Skills:
 * Level 4.3 Fighting
 * Level 3.6 Axes
 + Level 3.6 Armour
 - Level 3.2 Shields


You had 2 spell levels left.
You didn't know any spells.
Your spell library was empty.

Dungeon Overview and Level Annotations

Branches:
Dungeon (3/15)

Altars:


Message History

You see here a +1 dagger of electrocution.
The frilled lizard hisses angrily.
You slash the kobold!
You kill the kobold!
A frilled lizard comes into view.
The frilled lizard bites you but does no damage.
The kobold hits the bush but does no damage.
Things that are here:
a +0 dagger; 5 stones; a kobold corpse You closely miss the frilled lizard.
The frilled lizard bites you but does no damage.
The kobold hits the bush but does no damage.
The bush is poisoned.
You barely miss the frilled lizard.
The frilled lizard bites you but does no damage.
The kobold hits the bush with a +2 short sword of venom.
The kobold hits the bush but does no damage.
You closely miss the frilled lizard. x2; The frilled lizard closely misses you.
The frilled lizard completely misses you.
The kobold hits the bush but does no damage.
You barely miss the frilled lizard. You hit the frilled lizard.
You kill the frilled lizard!
The frilled lizard closely misses you.
The kobold hits the bush but does no damage.
The bush looks as sick as possible!
You slice the frilled lizard!!
You kill the frilled lizard!
You slash the frilled lizard!
You kill the frilled lizard!
The kobold misses you. The kobold hits you but does no damage.
You are lethally poisoned!
You see here a +1 dagger of electrocution.
* * * LOW HITPOINT WARNING * * *
You feel sick. The kobold attacks as it pursues you!
The kobold barely misses you.
Items here: ( )) †.
* * * LOW HITPOINT WARNING * * *
You feel sick.
You die... ........# ........# #.......# ........# ........# ........# .........####### ...........@.K))# ..........#####†#### ..........# PP..PP♣

..........#♣P....PPP#
..........###.....PP#
..........#♣~÷.....♣#
#### ..........#♣...§...#
.... ....#...###♣...)...♣
....#......#...#♣P.....P♣


You could see a kobold.

Vanquished Creatures
  A dart slug (D:1)
  3 ball pythons (D:1)
  3 endoplasms (D:1)
  3 hobgoblins (D:1)
  2 jackals (D:1)
  A quokka (D:1)
  3 bats
  4 frilled lizards
  6 kobolds
  2 rats
28 creatures vanquished.

Notes
Turn   | Place    | Note
-------+----------+-------------------------------------------
     0 | D:1      | MrShunz the Hill Orc Fighter began the quest for the Orb.
     0 | D:1      | Reached XP level 1. HP: 19/19 MP: 1/1
   123 | D:1      | Reached XP level 2. HP: 27/27 MP: 2/2
   163 | D:1      | Reached skill level 4 in Fighting
   851 | D:2      | Reached XP level 3. HP: 33/33 MP: 3/3
   946 | D:2      | HP: 1/33 [kobold/+0 dagger (2)]
   955 | D:2      | HP: 1/33 [poisoned by a kobold]
   957 | D:2      | Succumbed to a kobold's poison

Illustrated notes

Levels and vault maps discovered:
D:1:      sevenhm_arrival_forest_fort_small_3, layout_basic
D:2:      wad_river_or_something, layout_basic, lexackson_kobold_supper
D:3:      layout_basic, patterned_corridor

Skill      XL: |  1  2 |
---------------+-------+-----
Axes           | 3 |  3.6
Fighting       | 4 |  4.3
Armour         | |  3.6
Shields        | |  3.2

Action                     || total
---------------------------++-------
  Melee: War axe           ||    61
    Use: Scroll            ||     1
         Potion            ||     1
 Armour: Scale mail        ||    56
  Dodge: Dodged            ||    50

Table legend: (Time is in decaauts)
 A = Elapsed time spent in this place.
 B = Non-inter-level travel time spent in this place.
 C = Inter-level travel time spent in this place.
 D = Time resting spent in this place.
 E = Time spent auto-exploring this place.
 F = Levels seen in this place.
 G = Mean time per level.
                   A        B        C        D        E       F      G
               +--------+--------+--------+--------+--------+-----+--------+
         Total |    979 |    894 |     85 |      0 |    707 |   3 |  326.3 |
       Dungeon |    979 |    894 |     85 |      0 |    707 |   3 |  326.3 |
               +--------+--------+--------+--------+--------+-----+--------+

Top non-repeatable levels by time:
     D:1: 839 daAuts
     D:2: 137 daAuts
     D:3: 1 daAuts
